 Dungeon Crawl Stone Soup version 0.21.1-1-g345015f (webtiles) character file.

137571 equalderp2856 the Severer (level 16, -1/149 HPs)
             Began as a Minotaur Fighter on May 13, 2018.
             Slain by a naga warrior
             ... wielding a +0 hand axe
              (19 damage)
             ... on level 3 of the Snake Pit.
             The game lasted 01:35:30 (37717 turns).

equalderp2856 the Severer (Minotaur Fighter)       Turns: 37717, Time: 01:35:30

Health: -1/149     AC: 29    Str: 25    XL:     16   Next: 69%
Magic:  17/17      EV: 10    Int:  8    God:
Gold:   34         SH: 16    Dex: 13    Spells: 15/18 levels left

rFire    x . .     SeeInvis .   L - +6 broad axe (flame)
rCold    + + +     Gourm    .   s - +1 shield {rC+}
rNeg     + . .     Faith    .   K - +7 ice dragon scales of Amorality {rElec rF- rC++ Stlth+}
rPois    +         Spirit   .   v - +2 hat
rElec    +         Reflect  .   W - +0 cloak
rCorr    .         Harm     .   T - +2 pair of gloves {Str+3}
MR       +++++     Clarity  +   (no boots)
Stlth    ++........             E - amulet of the Four Winds {rN+ MR+++ Clar}
HPRegen  0.34/turn              S - ring of protection from magic
MPRegen  0.15/turn              C - ring of poison resistance

@: lethally poisoned (-1 -> -2), constricted
A: retaliatory headbutt, horns 2
a: no special abilities


You were on level 3 of the Snake Pit.
You were not hungry.

You visited 4 branches of the dungeon, and saw 26 of its levels.
You visited 1 bazaar.
You also visited: Labyrinth and Volcano.

You collected 2294 gold pieces.
You spent 2260 gold pieces at shops.

Inventory:

Hand Weapons
 L - a +6 broad axe of flaming (weapon)
 M - the +4 hand crossbow "Vuwau" {flame, rF+ Dex+4}
   (You bought it in a shop in a bazaar)

   It causes projectiles fired from it to burn those they strike, causing extra
   injury to most foes and up to half again as much damage against particularly
   susceptible opponents.
   It affects your dexterity (+4).
   It protects you from fire.
Armour
 s - a +1 shield of cold resistance (worn)
 v - a +2 hat (worn)
 K - the +7 ice dragon scales of Amorality (worn) {rElec rF- rC++ Stlth+}
   (You found it in a labyrinth)

   It makes you vulnerable to fire.
   It greatly protects you from cold.
   It insulates you from electricity.
   It makes you more stealthy.
 P - a +3 plate armour of fire resistance
 T - a +2 pair of gloves of strength (worn)
 W - a +0 cloak (worn)
Jewellery
 l - a +2 amulet of reflection
 m - a +5 ring of intelligence
 B - an uncursed ring of stealth
 C - a ring of poison resistance (right hand)
 D - an uncursed amulet of regeneration
 E - the amulet of the Four Winds (around neck) {rN+ MR+++ Clar}
   (You bought it in a shop in a bazaar)

   [amulet of nothing]

   It protects you from negative energy.
   It affects your resistance to hostile enchantments.
   It protects you against confusion.
 O - an uncursed ring of wizardry
 R - a +2 ring of strength
 S - a ring of protection from magic (left hand)
Wands
 k - a wand of acid (3)
 I - a wand of iceblast (15)
 Z - a wand of paralysis (34)
Scrolls
 b - 3 scrolls of enchant armour
 j - 4 scrolls of fear
 n - 6 scrolls of teleportation
 p - 14 scrolls of remove curse
 t - 4 scrolls of blinking
 y - 2 scrolls of identify
 F - 2 scrolls of silence
 Y - 4 scrolls of fog
Potions
 a - 2 potions of berserk rage
 c - 3 potions of agility
 d - a potion of might
 g - 8 potions of curing
 o - 4 potions of brilliance
 r - 3 potions of flight
 u - a potion of mutation
 w - a potion of invisibility
 x - 3 potions of magic
 A - 4 potions of heal wounds
 H - 8 potions of lignification
 J - 3 potions of haste
 N - a potion of cancellation
 V - 2 potions of resistance
Books
 e - a book of Beasts

   Spells                             Type                      Level
   a - Summon Butterflies             Summoning                    1
   b - Call Canine Familiar           Summoning                    3
   c - Summon Ice Beast               Ice/Summoning                4
   d - Summon Mana Viper              Hexes/Summoning              5
   e - Summon Hydra                   Summoning                    7
 i - a book of Geomancy

   Spells                             Type                      Level
   a - Sandblast                      Earth                        1
   b - Passwall                       Transmutation/Earth          2
   c - Stone Arrow                    Conjuration/Earth            3
   d - Petrify                        Transmutation/Earth          4
   e - Lee's Rapid Deconstruction     Earth                        5
 q - a book of Changes

   Spells                             Type                      Level
   a - Beastly Appendage              Transmutation                1
   b - Sticks to Snakes               Transmutation                2
   c - Spider Form                    Transmutation/Poison         3
   d - Ice Form                       Ice/Transmutation            4
   e - Blade Hands                    Transmutation                5
 Q - a book of Burglary

   Spells                             Type                      Level
   a - Swiftness                      Charms/Air                   2
   b - Passwall                       Transmutation/Earth          2
   c - Passage of Golubria            Translocation                4
   d - Lee's Rapid Deconstruction     Earth                        5
   e - Darkness                       Hexes                        6
   f - Invisibility                   Hexes                        6
Miscellaneous
 h - a lamp of fire
 G - a box of beasts
 U - a phial of floods
 X - a phantom mirror
Comestibles
 f - 33 rations


   Skills:
 + Level 15.1 Fighting
 + Level 19.8(19.9) Axes
   Level 3.0(13.8) Polearms
 + Level 14.0 Armour
 + Level 6.2 Dodging
 + Level 4.2 Stealth
 + Level 17.6 Shields
 + Level 1.5 Spellcasting
 + Level 1.6 Translocations
 + Level 3.3 Evocations


You had 15 spell levels left.
You knew the following spells:

 Your Spells              Type           Power        Failure   Level  Hunger
a - Apportation           Tloc           #.....       38%         1    ##.....
b - Blink                 Tloc           N/A          52%         2    ###....


Dungeon Overview and Level Annotations

Branches:
Dungeon (15/15)            Temple (0/1) D:6            Lair (6/6) D:10
  Swamp (0/4) Lair:3        Snake (3/4) Lair:2        Slime (0/5) Lair:5
    Orc (2/2) D:10            Elf (0/3) Orc:2        Vaults (0/5) D:13
 Depths (0/5) D:15

Altars:
Ashenzari
Cheibriados
Elyvilon
Fedhas
Okawaru
Ru
Trog
Uskayaw
Wu Jian
Yredelemnul
Beogh

Shops:
D:5 !   D:9 *   D:12 }   D:14 [   Orc:2 :?!}(:   Snake:1 (   Snake:2 *

Portals:
Trove: D:11 (give 7 potions of haste)

Annotations:
D:2 1 runed door


Innate Abilities, Weirdness & Mutations

You reflexively headbutt those who attack you in melee.
You have a pair of horns on your head.


Message History

The naga warrior blocks your attack.
The naga warrior is almost dead.
You slash the naga sharpshooter! You burn the naga sharpshooter.
You feel sick.
The naga warrior hits you but does no damage.
The naga warrior constricts you.
You closely miss the naga warrior. The naga warrior blocks your attack.
The naga warrior is severely wounded.
You slash the naga sharpshooter! You burn the naga sharpshooter.
The naga sharpshooter unwields an uncursed shortbow.
The naga sharpshooter wields an uncursed scimitar.
You block the naga sharpshooter's attack.
The naga sharpshooter mumbles some strange words.
The naga sharpshooter magically shoots a bolt.
The bolt hits you.
* * * LOW HITPOINT WARNING * * *
x2 Unknown command.
The naga warrior's grasp on you weakens, but your attempt to escape fails.
You feel sick.
The naga warrior hits you with a hand axe!!
You die...

# N# .. N. .#
.. .. .# #...#
#. .# #. ..#
#..#.#. ...##.
#....N# ......
#N##....#
#N#....##
#@#.....#
#N).....#
#.........
.N.........
...N..!....##
...###.###....#
.. ... #...# .
.8. #..# ....
#.#


You could see a naga warrior, 2 naga sharpshooters, a naga ritualist, a naga
mage (wandering) and a naga.

Vanquished Creatures
  Rupert (Lair:4)
  Frances (Snake:1)
  Kirke (Lair:2)
  A nagaraja (Snake:2)
  6 dire elephants
  A minotaur (Lab)
  Josephine (D:12)
  Harold (D:11)
  4 hydras
  Erolcha (D:12)
  A vault guard (D:13)
  10 anacondas
  7 naga warriors
  5 centaur warriors
  10 two-headed ogres
  The ghost of equalderp2856 the Cleaver, a novice MiFi (D:8)
  The ghost of kalagan the Thaumaturge, a journeyman GrEE of Qazlal (D:10)
  2 ogre magi (D:15)
  3 orc high priests (Orc:2)
  2 tengu warriors (D:14)
  4 naga sharpshooters
  2 shock serpents (Snake:2)
  A fire crab (Volcano)
  A salamander mystic (Snake:2)
  8 sea snakes (Snake:2)
  4 unseen horrors
  2 lindwurms
  3 naga ritualists
  A wolf spider zombie (D:15)
  Pikel (D:7)
  6 orc knights
  4 manticores
  2 wolf spiders (D:15)
  2 mana vipers (Snake:2)
  6 orc sorcerers
  7 cyclopes
  11 slime creatures
  9 salamanders
  3 ugly things
  7 elephants (Lair:6)
  8 naga magi
  Psyche (D:12)
  2 guardian serpents
  20 black mambas
  6 gargoyles
  2 molten gargoyles (Volcano)
  4 spiny frogs
  A spiny frog (shapeshifter) (D:9)
  8 komodo dragons
  3 efreet
  2 yaktaurs
  7 rime drakes
  3 tengu conjurers
  8 trolls
  Grinder (D:3)
  A merfolk (D:15)
  17 blink frogs
  A harpy skeleton (D:13)
  2 hornets
  12 hippogriffs
  2 dream sheep (D:9)
  A minotaur skeleton (Lab)
  A meliai zombie (D:13)
  10 wyverns
  36 yaks
  A vampire (D:13)
  3 fire bats (Volcano)
  4 basilisks
  6 wraiths
  2 hogs (Lair:2)
  2 hungry ghosts
  7 vampire mosquitoes (D:13)
  2 steam dragons
  2 wargs
  3 acid dragons
  21 nagas
  8 water moccasins
  3 porcupines
  5 hell hounds
  26 orc warriors
  A black bear (D:10)
  A hornet zombie (D:13)
  4 sky beasts
  An eye of draining (D:14)
  4 ice beasts
  2 phantoms
  16 centaurs
  2 necrophages
  5 wolves (Lair:1)
  18 ogres
  17 crocodiles
  5 big kobolds
  18 bullfrogs
  6 scorpions
  11 killer bees
  7 wights
  7 howler monkeys
  16 electric eels
  5 lava snakes (Volcano)
  12 crimson imps
  4 centaur zombies
  5 hounds
  2 bullfrog zombies
  5 jellies
  A quasit (D:10)
  16 orc priests
  23 orc wizards
  6 centaur skeletons
  A gnoll shaman (D:8)
  2 iguanas
  2 bullfrog skeletons
  7 worker ants
  3 hound skeletons
  A worker ant zombie (D:8)
  13 gnolls
  11 adders
  A howler monkey skeleton (D:5)
  6 shadow imps
  9 oozes (D:2)
  An adder zombie (D:6)
  An adder skeleton (D:4)
  3 worms
  A dart slug (D:1)
  6 leopard geckos
  74 orcs
  7 giant cockroaches
  7 goblins
  11 hobgoblins
  9 jackals
  7 quokkas
  2 ball pythons
  10 bats
  4 frilled lizards
  2 goblin zombies (D:2)
  A jackal skeleton (D:6)
  25 kobolds
  A leopard gecko zombie (D:6)
  A quokka skeleton (D:6)
  9 rats
  A bush (Lair:6)
  2 butterflies (Lair:1)
  4 fungi
  18 plants
881 creatures vanquished.

Vanquished Creatures (others)
  3 humans (Snake:1)
  A slave (D:7)
  A centaur (D:6)
  2 orcs
  9 fungi
  37 plants
  10 toadstools (D:2)
63 creatures vanquished.

Grand Total: 944 creatures vanquished

Notes
Turn   | Place    | Note
-------+----------+-------------------------------------------
     0 | D:1      | equalderp2856 the Minotaur Fighter began the quest for the Orb.
     0 | D:1      | Reached XP level 1. HP: 19/19 MP: 0/0
   152 | D:1      | Reached XP level 2. HP: 27/27 MP: 1/1
   405 | D:1      | Reached XP level 3. HP: 33/33 MP: 2/2
  1232 | D:2      | Reached skill level 3 in Axes
  1232 | D:2      | Reached XP level 4. HP: 37/40 MP: 3/3
  1303 | D:2      | Found a runed door.
  1303 | D:2      | Noticed a human
  1308 | D:2      | Found a basalt altar of Yredelemnul.
  1896 | D:2      | Reached XP level 5. HP: 43/47 MP: 4/4
  1904 | D:2      | Reached skill level 1 in Dodging
  2077 | D:3      | Reached skill level 5 in Armour
  2144 | D:3      | Found a white marble altar of Elyvilon.
  2171 | D:3      | Reached skill level 4 in Axes
  2343 | D:3      | Noticed Grinder
  2356 | D:3      | Reached skill level 5 in Shields
  2358 | D:3      | Killed Grinder
  2358 | D:3      | Reached skill level 5 in Axes
  2358 | D:3      | Reached XP level 6. HP: 39/53 MP: 5/5
  2484 | D:3      | Found an iron altar of Okawaru.
  2518 | D:3      | Reached XP level 7. HP: 39/60 MP: 6/6
  2820 | D:3      | Found an iron altar of Okawaru.
  3207 | D:4      | Reached skill level 6 in Axes
  3415 | D:4      | Reached skill level 5 in Fighting
  3877 | D:5      | Entered Level 5 of the Dungeon
  3932 | D:5      | Reached XP level 8. HP: 63/68 MP: 7/7
  4106 | D:5      | Reached skill level 7 in Axes
  4109 | D:5      | Got a bronze ring mail
  4120 | D:5      | Identified the +2 ring mail of the Wilderness {rF- Regen+ rCorr Int+4} (You found it on level 5 of the Dungeon)
  4486 | D:5      | Found Nuar's Distillery.
  4490 | D:5      | Bought a potion of curing for 33 gold pieces
  4490 | D:5      | Bought a potion of heal wounds for 55 gold pieces
  4591 | D:5      | Found a sacrificial altar of Ru.
  4656 | D:6      | Reached skill level 8 in Axes
  4690 | D:6      | Found a blossoming altar of Fedhas.
  5066 | D:6      | Found a staircase to the Ecumenical Temple.
  5223 | D:6      | Found a snail-covered altar of Cheibriados.
  5230 | D:6      | Reached skill level 9 in Axes
  5579 | D:7      | Reached XP level 9. HP: 75/75 MP: 8/8
  5622 | D:7      | Got a transparent trident
  5623 | D:7      | Identified the +4 trident of Tuufepti {venom, Stlth+} (You found it on level 7 of the Dungeon)
  5990 | D:7      | Noticed Pikel
  6010 | D:7      | Killed Pikel
  6010 | D:7      | Reached skill level 10 in Axes
  6311 | D:7      | Reached skill level 1 in Stealth
  6471 | D:7      | Found a bloodstained altar of Trog.
  7008 | D:8      | Noticed equalderp2856's ghost (novice MiFi)
  7262 | D:8      | Killed equalderp2856's ghost
  7262 | D:8      | Reached skill level 11 in Axes
  7262 | D:8      | Reached skill level 1 in Evocations
  7262 | D:8      | Reached XP level 10. HP: 69/84 MP: 9/9
  7778 | D:9      | Found a hide-covered altar of Uskayaw.
  8385 | D:9      | Found Kufeomp's Assorted Antiques.
  8394 | D:9      | Bought a scroll labeled TODOHEXKA for 28 gold pieces
  8394 | D:9      | Bought a jade ring for 140 gold pieces
  8394 | D:9      | Bought an amethyst potion for 25 gold pieces
  8526 | D:9      | Reached skill level 12 in Axes
  8549 | D:9      | Noticed a three-headed hydra
  8575 | D:9      | Killed a three-headed hydra
  8796 | D:9      | Noticed a spiny frog
  8796 | D:9      | a polar bear changed into a spiny frog
  8803 | D:9      | Killed a spiny frog
  8803 | D:9      | Reached skill level 10 in Shields
  9120 | D:10     | Entered Level 10 of the Dungeon
  9137 | D:10     | Reached XP level 11. HP: 36/94 MP: 11/11
  9887 | D:10     | Found a staircase to the Lair.
  9961 | D:10     | Noticed kalagan's ghost (journeyman GrEE)
 10576 | D:10     | Killed kalagan's ghost
 10813 | D:10     | Found a staircase to the Orcish Mines.
 10840 | D:10     | Reached skill level 13 in Axes
 11038 | D:10     | Found a shattered altar of Ashenzari.
 11042 | D:10     | Saw a vision of the Swamp and the Snake Pit.
 11042 | D:10     | Noticed a naga warrior
 11042 | D:10     | Noticed a mana viper
 11042 | D:10     | Noticed a mana viper
 11042 | D:10     | Noticed an alligator
 11251 | D:10     | Noticed an unseen horror
 11257 | D:10     | Killed an unseen horror
 11538 | D:10     | Noticed a two-headed ogre
 11601 | D:10     | Killed a two-headed ogre
 11994 | Orc:1    | Entered Level 1 of the Orcish Mines
 12178 | Orc:1    | Found a roughly hewn altar of Beogh.
 12233 | Orc:1    | Noticed an orc knight
 12270 | Orc:1    | Killed an orc knight
 12277 | Orc:1    | Reached skill level 14 in Axes
 12443 | Orc:1    | You fall through a shaft!
 12443 | Orc:2    | Entered Level 2 of the Orcish Mines
 12861 | Orc:2    | Found Tauq's Magic Scroll Emporium.
 12878 | Orc:2    | Bought a scroll of teleportation for 51 gold pieces
 12885 | Orc:2    | Noticed an orc sorcerer
 12886 | Orc:2    | Found a staircase to the Elven Halls.
 12897 | Orc:2    | Killed an orc sorcerer
 13180 | Orc:2    | Found Razosie's Book Shop.
 13193 | Orc:2    | Reached XP level 12. HP: 104/104 MP: 12/12
 13378 | Orc:2    | Reached skill level 10 in Armour
 14047 | Orc:2    | Noticed an orc high priest
 14059 | Orc:2    | Killed an orc high priest
 14066 | Orc:2    | Noticed an orc high priest
 14180 | Orc:2    | Reached skill level 15 in Axes
 14543 | Orc:2    | Killed an orc high priest
 15104 | Orc:2    | Found Heuh's Book Shop.
 15104 | Orc:2    | Found Zofanwoc's Distillery.
 15105 | Orc:2    | Found Heig's Weapon Shoppe.
 15105 | Orc:2    | Found Ginwukuta's Gadget Shoppe.
 15105 | Orc:2    | Noticed an orc high priest
 15121 | Orc:2    | Killed an orc high priest
 15347 | Orc:2    | Bought a potion of lignification for 36 gold pieces
 15456 | Lair:1   | Entered Level 1 of the Lair of Beasts
 15457 | Lair:1   | Reached skill level 10 in Fighting
 15691 | Lair:1   | Found a dark tunnel.
 15725 | Volcano  | Entered a volcano
 16240 | Volcano  | Found a radiant altar of Vehumet.
 16262 | Volcano  | Reached skill level 16 in Axes
 16861 | Lair:1   | Reached XP level 13. HP: 113/113 MP: 13/13
 17290 | Lair:2   | Found a staircase to the Snake Pit.
 17576 | Lair:3   | Found a labyrinth entrance.
 17627 | Lab      | Entered a labyrinth
 18225 | Lab      | Noticed a minotaur
 18239 | Lab      | Killed a minotaur
 18549 | Lab      | Got heavily runed ice dragon scales
 18561 | Lab      | Identified the +7 ice dragon scales of Amorality {rElec rF- rC++ Stlth+} (You found it in a labyrinth)
 18569 | Lab      | Got a steaming morningstar
 18577 | Lab      | Identified the +6 morningstar "Jawkof" {crush, rElec MR- Str+4 Int-2 Stlth+} (You found it in a labyrinth)
 20042 | Lair:3   | Found a staircase to the Swamp.
 20913 | Lair:1   | Learned a level 1 spell: Apportation
 20916 | Lair:1   | Learned a level 2 spell: Blink
 21258 | Lair:4   | Noticed Rupert
 21260 | Lair:4   | Paralysed by Rupert for 6 turns
 21390 | Lair:5   | Reached skill level 17 in Axes
 21983 | Lair:5   | Found a staircase to the Slime Pits.
 22382 | Lair:6   | Entered Level 6 of the Lair of Beasts
 23557 | Lair:6   | Reached XP level 14. HP: 102/124 MP: 15/15
 24326 | Lair:6   | Reached skill level 1 in Spellcasting
 24326 | Lair:6   | Reached skill level 1 in Translocations
 25479 | D:11     | Found an ornate altar of the Wu Jian Council.
 25481 | D:11     | Noticed Harold
 25489 | D:11     | Killed Harold
 25652 | D:11     | Found a portal to a secret trove of treasure.
 26344 | D:12     | Noticed Josephine
 26361 | D:12     | Killed Josephine
 26363 | D:12     | Reached skill level 18 in Axes
 26612 | D:12     | Found a hide-covered altar of Uskayaw.
 26678 | D:12     | Noticed Erolcha
 26686 | D:12     | Killed Erolcha
 26906 | D:12     | Found Naotaj's Gadget Shoppe.
 26959 | D:12     | Noticed Psyche
 26967 | D:12     | Killed Psyche
 28143 | D:13     | Reached skill level 5 in Dodging
 28432 | D:13     | Found a gate to the Vaults.
 28550 | D:13     | Reached skill level 15 in Shields
 29032 | D:14     | Found Ziul Emes's Specialty Armours.
 29111 | D:14     | Reached XP level 15. HP: 78/134 MP: 16/16
 29844 | D:15     | Entered Level 15 of the Dungeon
 30311 | D:15     | Reached skill level 19 in Axes
 30681 | D:15     | Found a staircase to the Depths.
 32262 | Snake:1  | Entered Level 1 of the Snake Pit
 32326 | Snake:1  | Noticed Kirke
 32489 | Snake:1  | Noticed Frances
 32529 | Snake:1  | Found a flickering gateway to a bazaar.
 32536 | Bazaar   | Entered a bazaar
 32538 | Bazaar   | Found Raetanto's Antique Weapon Boutique.
 32542 | Bazaar   | Found Vacsoi's General Store.
 32542 | Bazaar   | Found Zivarch's Book Boutique.
 32542 | Bazaar   | Found Rioliwit's Jewellery Boutique.
 32557 | Bazaar   | Bought a potion of degeneration for 13 gold pieces
 32605 | Bazaar   | Bought the amulet of the Four Winds {rN+ MR+++ Clar} for 263 gold pieces
 32605 | Bazaar   | Found the amulet of the Four Winds {rN+ MR+++ Clar}
 32613 | Bazaar   | Bought an uncursed ring of fire for 150 gold pieces
 32613 | Bazaar   | Bought an uncursed ring of protection from magic for 150 gold pieces
 32626 | Bazaar   | Bought a book of Burglary for 750 gold pieces
 32681 | Bazaar   | Bought a crystal hand crossbow for 229 gold pieces
 32694 | Bazaar   | Identified the +4 hand crossbow "Vuwau" {flame, rF+ Dex+4} (You bought it in a shop in a bazaar)
 32701 | Bazaar   | Bought an uncursed ring of protection from fire for 150 gold pieces
 32822 | Snake:1  | Found Jigeg's Weapon Boutique.
 33221 | Lair:4   | Killed Rupert
 34081 | Lair:2   | Killed Kirke
 34305 | Snake:1  | Reached XP level 16. HP: 93/146 MP: 17/17
 34570 | Snake:1  | Killed Frances
 36923 | Snake:2  | Found Ocrudahu's General Store.
 36931 | Snake:2  | Bought 3 scrolls of teleportation for 153 gold pieces
 36931 | Snake:2  | Bought a scroll of fog for 34 gold pieces
 37241 | Snake:2  | Reached skill level 15 in Fighting
 37713 | Snake:3  | HP: 7/149 [naga sharpshooter/bolt (16)]
 37717 | Snake:3  | Slain by a naga warrior

Skill      XL: |  1  2  3  4  5  6  7  8  9 10 11 12 13 14 15 16 |
---------------+-------------------------------------------------+-----
Armour         | 4 5 6 8 9 10 11 12 13 14 | 14.0
Shields        | 4 5 7 8 9 10 11 13 15 16 17 | 17.6
Fighting       | 4 5 6 7 9 10 11 12 14 15 | 15.1
Axes           | 3 5 6 9 11 12 14 16 17 18 19 | 19.8
Dodging        | 1 2 3 4 5 6 |  6.2
Polearms       | 2 3 |  3.0
Stealth        | 2 3 4 |  4.2
Evocations     | 1 2 3 |  3.3
Spellcasting   | 1 |  1.5
Translocations | 1 |  1.6

Action                   |  1- 3 |  4- 6 |  7- 9 | 10-12 | 13-15 | 16-18 || total
-------------------------+-------+-------+-------+-------+-------+-------++-------
Melee: War axe           |    90 |   123 |   372 |   708 |       |       ||  1293
       Headbutt          |     7 |    26 |    83 |   140 |   301 |    68 ||   625
       Trident           |       |       |     7 |    11 |       |       ||    18
       Broad axe         |       |       |       |     5 |  1124 |   272 ||  1401
 Cast: Blink             |       |       |       |       |    14 |       ||    14
Evoke: Wand              |       |       |    24 |    11 |    20 |       ||    55
       Phial of floods   |       |       |       |       |     1 |       ||     1
       Lamp of fire      |       |       |       |       |     1 |       ||     1
  Use: Scroll            |       |       |     6 |    11 |    21 |     4 ||    42
       Potion            |       |       |     1 |     1 |     6 |     3 ||    11
 Stab: Paralysed         |       |       |    11 |       |       |       ||    11
       Confused          |       |       |     3 |       |       |       ||     3
       Sleeping          |       |       |       |       |     5 |       ||     5
  Eat: Chunk             |     1 |     1 |    14 |    15 |    35 |     3 ||    69
       Ration            |       |     1 |       |     7 |     7 |     2 ||    17
Armor: Scale mail        |    23 |       |       |       |       |       ||    23
       Plate armour      |    94 |    81 |   142 |   252 |   183 |       ||   752
       Ring mail         |       |    26 |       |       |       |       ||    26
       Ice dragon scales |       |       |       |       |   206 |   108 ||   314
       Chain mail        |       |       |       |       |     1 |       ||     1
Dodge: Dodged            |    27 |    47 |    61 |   143 |   292 |    90 ||   660
Block: Shield            |   107 |   124 |   223 |   463 |   701 |   202 ||  1820
       Reflection        |       |     5 |     9 |    38 |    16 |       ||    68
